 Dungeon Crawl Stone Soup version 0.22.1-2-g9c5b331 (webtiles) character file.

342 colophon the Sneak (level 6, -1/35 HPs)
             Began as a Kobold Enchanter on Nov 27, 2018.
             Slain by Pikel
             ... wielding a +1 whip of flaming
              (3 damage)
             ... on level 4 of the Dungeon.
             The game lasted 00:25:15 (6202 turns).

colophon the Sneak (Kobold Enchanter)               Turns: 6202, Time: 00:25:16

Health: -1/35      AC:  2    Str:  6    XL:     6   Next: 88%
Magic:  0/9        EV: 17    Int: 16    God:
Gold:   131        SH:  0    Dex: 17    Spells: 3/9 levels left

rFire    . . .     SeeInvis .   a - +1 dagger
rCold    . . .     Gourm    .   (shield restricted)
rNeg     . . .     Faith    .   b - +0 robe
rPois    .         Spirit   .   (no helmet)
rElec    .         Reflect  .   (no cloak)
rCorr    .         Harm     .   (no gloves)
MR       .....                  (no boots)
Stlth    +++.......             (no amulet)
HPRegen  0.11/turn              (no ring)
MPRegen  0.11/turn              (no ring)

@: very slightly contaminated
A: small, carnivore
a: no special abilities


You were on level 4 of the Dungeon.
You were very full.

You visited 1 branch of the dungeon, and saw 5 of its levels.

You collected 131 gold pieces.

Inventory:

Hand Weapons
 a - a +1 dagger (weapon)
 p - a +1 hand crossbow
Missiles
 k - 29 bolts
Armour
 b - a +0 robe (worn)
Jewellery
 t - an uncursed ring of magical power {unknown}
Wands
 o - a wand of random effects (25)
Scrolls
 c - a scroll of blinking
 e - 2 scrolls of remove curse
 f - 4 scrolls of fog
 h - a scroll of amnesia
 i - a scroll of enchant armour {unknown}
 j - 2 scrolls of identify
 l - a scroll of enchant weapon
 s - 2 scrolls of fear
 w - 2 scrolls of immolation
 y - a scroll of teleportation {unknown}
Potions
 g - 2 potions of curing
 m - a potion of mutation {unknown}
 n - a potion of cancellation {unknown}
 q - 2 potions of lignification {unknown}
 r - 2 potions of heal wounds {unknown}
 u - 3 potions of degeneration {unknown}
 v - a potion of flight {unknown}
 x - a potion of berserk rage {unknown}
 z - a potion of haste {unknown}
Comestibles
 d - 10 rations


   Skills:
 + Level 2.1 Fighting
 + Level 4.0 Short Blades
 + Level 4.2 Dodging
 + Level 5.7 Stealth
 - Level 2.1 Spellcasting
 - Level 4.0 Hexes
 + Level 1.5 Ice Magic


You had 3 spell levels left.
You knew the following spells:

 Your Spells              Type           Power        Failure   Level  Hunger
a - Corona                Hex            ##.....      4%          1    #......
b - Ensorcelled Hibernat  Hex/Ice        ##....       10%         2    ###....
c - Confuse               Hex            ##......     12%         3    ###....

Your spell library contained the following spells:

 Spells                   Type           Power        Failure   Level  Hunger
 Tukima's Dance           Hex            ##......     12%         3    ###....
 Dazzling Spray           Conj/Hex       #.....       26%         3    ###....


Dungeon Overview and Level Annotations

Branches:
Dungeon (5/15)
 Temple: D:4-7

Altars:
Dithmenos
Qazlal
Vehumet
Yredelemnul

Shops:
D:4 =?

Annotations:
D:3 3 runed doors, erker's ghost, amateur OpTm
D:4 Pikel


Innate Abilities, Weirdness & Mutations

You are small and have problems with some larger weapons.
You are carnivorous and can eat meat at any time.


Message History

Casting: Ensorcelled Hibernation (safe; 10% risk of failure)
Confirm with . or Enter, or press ? or * to list all spells.
Aiming: Confuse (safe; 12% risk of failure)
Press: ? - help, Shift-Dir - straight line, f/p - Pikel
Aim: Pikel, wielding a whip of flaming and wearing a robe (almost dead, chance Pikel resists with some effort.
Pikel hits you with a whip of flaming!
* * * LOW HITPOINT WARNING * * *
Pikel burns you.
* * * LOW HITPOINT WARNING * * *
Casting: Confuse (safe; 12% risk of failure)
Confirm with . or Enter, or press ? or * to list all spells.
Aiming: Confuse (safe; 12% risk of failure)
Press: ? - help, Shift-Dir - straight line, f/p - Pikel
Aim: Pikel, wielding a whip of flaming and wearing a robe (almost dead, chance You miscast Confuse.
You are very lightly contaminated with residual magic.
Your hands glow momentarily.
Pikel hits you with a whip of flaming.
* * * LOW HITPOINT WARNING * * *
Pikel burns you.
You die...

...## #....#.#.....#..#.....
##.## ###...∩........#......
##.## ####.#.###..#....... ##.##
#...##...#....... #..##
######..#........ ##..#
##..#.........
##.#############..#..........
#................#..........
#..........@K...............
#..#####..#####..........### #..#
##...# ##........## #..# #....##
#.......##### ##.## #.....#
##.....####..
#..#####.....#####....####...
#####....................####....
#...#...............>...####.....
##......................###......


You could see Pikel.

Vanquished Creatures
  A centaur zombie (D:5)
  A crimson imp (D:5)
  A hound (D:4)
  A worker ant (D:5)
  A hound zombie (D:3)
  6 gnolls
  7 adders
  2 oozes
  2 worms
  4 dart slugs
  2 leopard geckos
  A ball python (D:3)
  4 giant cockroaches
  5 hobgoblins
  2 jackals (D:1)
  9 kobolds
  A quokka (D:2)
  8 bats
  5 frilled lizards
  6 goblins
  9 rats
78 creatures vanquished.

Notes
Turn   | Place    | Note
-------+----------+-------------------------------------------
     0 | D:1      | colophon the Kobold Enchanter began the quest for the Orb.
     0 | D:1      | Reached XP level 1. HP: 10/10 MP: 3/3
   351 | D:1      | Reached XP level 2. HP: 8/16 MP: 1/5
   410 | D:1      | Learned a level 2 spell: Ensorcelled Hibernation
   923 | D:1      | Reached XP level 3. HP: 20/20 MP: 6/6
   952 | D:1      | Reached skill level 1 in Fighting
  1584 | D:2      | Found a shadowy altar of Dithmenos.
  1717 | D:2      | Reached XP level 4. HP: 13/25 MP: 1/7
  2546 | D:2      | Found a stormy altar of Qazlal.
  2841 | D:1      | Learned a level 3 spell: Confuse
  3032 | D:2      | Reached skill level 1 in Ice Magic
  3136 | D:2      | Reached XP level 5. HP: 10/29 MP: 1/8
  3648 | D:3      | Reached skill level 5 in Stealth
  3847 | D:3      | Found a runed gate.
  3848 | D:3      | Found a runed gate.
  3849 | D:3      | Found a runed gate.
  3850 | D:3      | Noticed erker's ghost (amateur OpTm)
  3865 | D:3      | Found a radiant altar of Vehumet.
  4587 | D:3      | Reached XP level 6. HP: 33/34 MP: 2/9
  4979 | D:4      | Found Isexzat's Jewellery Boutique.
  5115 | D:4      | Found Uxymach's Magic Scroll Boutique.
  5687 | D:4      | You fall through a shaft!
  5687 | D:5      | Entered Level 5 of the Dungeon
  5714 | D:5      | Noticed a slave
  5714 | D:5      | Noticed a slave
  5715 | D:5      | Noticed a slave
  5715 | D:5      | Noticed a slave
  5731 | D:5      | Found a basalt altar of Yredelemnul.
  5759 | D:5      | Noticed Pikel
  6202 | D:4      | Slain by Pikel

Skill      XL: |  1  2  3  4  5  6 |
---------------+-------------------+-----
Short Blades   | 2 3 4 |  4.0
Fighting       | 1 2 |  2.1
Dodging        | 3 4 |  4.2
Ice Magic      | 1 |  1.5
Stealth        | 5 |  5.7
Hexes          | 4 |  4.0
Spellcasting   | |  2.1

Action                   |  1- 3 |  4- 6 || total
-------------------------+-------+-------++-------
Melee: Dagger            |    92 |   111 ||   203
 Cast: Corona            |     6 |     4 ||    10
       Ensorcelled Hiber |    15 |    67 ||    82
       Confuse           |       |     7 ||     7
  Use: Scroll            |     4 |     4 ||     8
       Potion            |     1 |       ||     1
 Stab: Sleeping          |    18 |    37 ||    55
       Confused          |       |     4 ||     4
  Eat: Chunk             |    12 |    18 ||    30
Armor: Robe              |     6 |     9 ||    15
Dodge: Dodged            |    83 |   105 ||   188
